MAA
NORTONVILLE CHEROKEES @ ELKFORD ROADRUNNERS
07/22/2018
 
TOP OF THE 1ST
Nortonville Cherokees batting - Pitching for Elkford Roadrunners : RHP Vernon Turner
Pitching: RHP Vernon Turner
Batting: RHB Armando González 0-0: Ball
1-0: Ball
2-0: SINGLE (Groundball, 6MD)
Batting: RHB Víctor López 0-0: Called Strike
Armando González steals 2nd base
0-1: Ball
1-1: DOUBLE (Groundball, 5L)
Armando González scores
Batting: RHB José Correa 0-0: Ground out 6-3 (Groundball, 6)
Víctor López to third
Batting: RHB Bob MacGruder 0-0: Called Strike
0-1: Ball
1-1: Ball
2-1: Foul Ball, location: 2F
2-2: DOUBLE (Flyball, 89XD)
Víctor López scores
Batting: RHB Lane Hancock 0-0: Called Strike
0-1: Ground out 6-3 (Groundball, 6M)
Bob MacGruder to third
Batting: RHB Edén Mont 0-0: Ball
1-0: Ball
2-0: Ball
3-0: Swinging Strike
3-1: Base on Balls
Batting: RHB John Huff 0-0: Foul Ball, location: 2F
0-1: Foul Ball, location: 2F
0-2: Ball
1-2: Ground out 4-3 (Groundball, 4)
Top of the 1st over - 2 run(s), 3 hit(s), 0 error(s), 2 left on base; Nortonville 2 - Elkford 0
BOTTOM OF THE 1ST
Elkford Roadrunners batting - Pitching for Nortonville Cherokees : RHP Juan López
Pitching: RHP Juan López
Batting: RHB Aaron Barnes 0-0: Called Strike
0-1: Foul Ball, location: 2F
0-2: Strikes out swinging
Batting: RHB Chris Robinson 0-0: Ball
1-0: Fly out, F5 (Line Drive, 5S)
Batting: RHB Roberto Andrade 0-0: Ball
1-0: Foul Ball, location: 2F
1-1: Ball
2-1: SINGLE (Groundball, 56D)
Batting: RHB Jim Lee 0-0: SINGLE (Line Drive, 56D)
Roberto Andrade to second
Batting: RHB Michael Martin 0-0: Ball
1-0: Ground out 4-3 (Groundball, 4)
Bottom of the 1st over - 0 run(s), 2 hit(s), 0 error(s), 2 left on base; Nortonville 2 - Elkford 0
TOP OF THE 2ND
Nortonville Cherokees batting - Pitching for Elkford Roadrunners : RHP Vernon Turner
Batting: RHB David Smith 0-0: Swinging Strike
0-1: Ball
1-1: Foul Ball, location: 2F
1-2: Ball
2-2: Ball
3-2: SINGLE (Groundball, 5S)
Batting: RHB Scott Sullivan 0-0: Ball
1-0: SINGLE (Line Drive, 89S)
David Smith to second
Batting: RHB Armando González 0-0: Foul Ball, location: 2F
0-1: Ball
1-1: DOUBLE (Line Drive, 9LD)
David Smith scores
Scott Sullivan to third
Batting: RHB Víctor López 0-0: Ball
1-0: DOUBLE (Line Drive, 7LM)
Scott Sullivan scores
Armando González scores
Batting: RHB José Correa 0-0: Ball
1-0: Called Strike
1-1: 2-RUN HOME RUN (Flyball, 78XD), Distance : 406 ft
Pitching: RHP Armando Árias
Batting: RHB Bob MacGruder 0-0: Called Strike
0-1: Ball
1-1: Called Strike
1-2: Ground out 6-3 (Groundball, 6)
Batting: RHB Lane Hancock 0-0: Foul Ball, location: 2F
0-1: SINGLE (Line Drive, 78M)
Batting: RHB Edén Mont 0-0: Ground out 5-3 (Groundball, 5S)
Lane Hancock to second
Batting: RHB John Huff 0-0: Called Strike
0-1: Fly out, F9 (Flyball, 89D)
Top of the 2nd over - 5 run(s), 6 hit(s), 0 error(s), 1 left on base; Nortonville 7 - Elkford 0
BOTTOM OF THE 2ND
Elkford Roadrunners batting - Pitching for Nortonville Cherokees : RHP Juan López
Batting: SHB Carlos Sánchez 0-0: Swinging Strike
0-1: Ball
1-1: Foul Ball, location: 2F
1-2: Ground out 3-1 (Groundball, 34)
Batting: RHB Don Thomas 0-0: Foul Ball, location: 2F
0-1: Ball
1-1: Ball
2-1: Ball
3-1: Fly out, F8 (Line Drive, 8RM)
Batting: SHB Sherwood Hoffman 0-0: Foul Ball, location: 2F
0-1: Foul Ball, location: 2F
0-2: Ball
1-2: Foul Ball, location: 2F
1-2: Ball
2-2: SOLO HOME RUN (Flyball, 89XD), Distance : 408 ft
Batting: RHB Jack O'Brien 0-0: Ball
1-0: Ground out 5-3 (Groundball, 5S)
Bottom of the 2nd over - 1 run(s), 1 hit(s), 0 error(s), 0 left on base; Nortonville 7 - Elkford 1
TOP OF THE 3RD
Nortonville Cherokees batting - Pitching for Elkford Roadrunners : RHP Armando Árias
Batting: RHB David Smith 0-0: Swinging Strike
0-1: Called Strike
0-2: Strikes out swinging
Batting: RHB Scott Sullivan 0-0: Ball
1-0: Called Strike
1-1: Ball
2-1: Called Strike
2-2: Fly out, F6 (Popup, 7S)
Batting: RHB Armando González 0-0: Foul Ball, location: 2F
0-1: Ball
1-1: Swinging Strike
1-2: Ball
2-2: Ball
3-2: Base on Balls
Batting: RHB Víctor López 0-0: Called Strike
0-1: Swinging Strike
0-2: Foul Ball, location: 2F
0-2: Ball
1-2: Strikes out looking
Top of the 3rd over - 0 run(s), 0 hit(s), 0 error(s), 1 left on base; Nortonville 7 - Elkford 1
BOTTOM OF THE 3RD
Elkford Roadrunners batting - Pitching for Nortonville Cherokees : RHP Juan López
Batting: RHB Aaron Barnes 0-0: Ground out 6-3 (Groundball, 6M)
Batting: RHB Chris Robinson 0-0: Ball
1-0: SINGLE (Groundball, 6MD)
Batting: RHB Roberto Andrade 0-0: Ball
1-0: Ball
2-0: Ball
3-0: Base on Balls
Chris Robinson to second
Batting: RHB Jim Lee 0-0: Ball
1-0: Foul Ball, location: 2F
1-1: Fly out, F9 (Popup, 89S)
Batting: RHB Michael Martin 0-0: Foul Ball, location: 2F
0-1: Ball
1-1: Called Strike
1-2: Ball
2-2: Fly out, F9 (Flyball, 9LS)
Bottom of the 3rd over - 0 run(s), 1 hit(s), 0 error(s), 2 left on base; Nortonville 7 - Elkford 1
TOP OF THE 4TH
Nortonville Cherokees batting - Pitching for Elkford Roadrunners : RHP Armando Árias
Batting: RHB José Correa 0-0: Ball
1-0: SINGLE (Flyball, 9LS)
Batting: RHB Bob MacGruder 0-0: Called Strike
0-1: Ball
José Correa is caught stealing 2nd base
1-1: Ball
2-1: Foul Ball, location: 2F
2-2: Fly out, F3 (Popup, 3F)
Batting: RHB Lane Hancock 0-0: Called Strike
0-1: Foul Ball, location: 2F
0-2: Ball
1-2: SINGLE (Groundball, 6MD)
Batting: RHB Edén Mont 0-0: Called Strike
0-1: Ball
1-1: Ball
2-1: Ball
3-1: SINGLE (Flyball, 6MD)
Lane Hancock to second
Runner from 2nd tries for 3rd, SAFE, throw made to third
Edén Mont to second
Batting: RHB John Huff 0-0: Fly out, F4 (Popup, 4MS)
Top of the 4th over - 0 run(s), 3 hit(s), 0 error(s), 2 left on base; Nortonville 7 - Elkford 1
BOTTOM OF THE 4TH
Elkford Roadrunners batting - Pitching for Nortonville Cherokees : RHP Juan López
Batting: SHB Carlos Sánchez 0-0: Called Strike
0-1: Ball
1-1: Foul Ball, location: 2F
1-2: Foul Ball, location: 2F
1-2: Foul Ball, location: 2F
1-2: Strikes out looking
Batting: RHB Don Thomas 0-0: Ball
1-0: Ground out 1-3 (Groundball, 13)
Batting: SHB Sherwood Hoffman 0-0: Ball
1-0: Ball
2-0: Ball
3-0: Base on Balls
Batting: RHB Jack O'Brien 0-0: Foul Ball, location: 2F
0-1: Ground out 6-3 (Groundball, 6)
Bottom of the 4th over - 0 run(s), 0 hit(s), 0 error(s), 1 left on base; Nortonville 7 - Elkford 1
TOP OF THE 5TH
Nortonville Cherokees batting - Pitching for Elkford Roadrunners : RHP Armando Árias
Batting: RHB David Smith 0-0: Swinging Strike
0-1: DOUBLE (Line Drive, 8LM)
Batting: RHB Scott Sullivan 0-0: Ball
1-0: Ball
2-0: Foul Ball, location: 2F
2-1: Ball
3-1: Base on Balls
Batting: RHB Armando González 0-0: SINGLE (Groundball, 56D)
David Smith to third
Scott Sullivan to second
Batting: RHB Víctor López 0-0: Ball
1-0: SINGLE (Line Drive, 7S)
David Smith scores
Scott Sullivan to third
Armando González to second
Pitching: RHP Álex Padilla
Batting: RHB José Correa 0-0: Ball
1-0: Ball
2-0: Called Strike
2-1: Swinging Strike
2-2: SINGLE (Groundball, 13) (infield hit)
Scott Sullivan scores
Armando González to third
Víctor López to second
Batting: RHB Bob MacGruder 0-0: GRAND SLAM HOME RUN (Flyball, 9D), Distance : 376 ft
Batting: RHB Lane Hancock 0-0: Called Strike
0-1: SINGLE (Line Drive, 4MD)
Batting: RHB Edén Mont 0-0: Called Strike
0-1: Swinging Strike
0-2: Ball
1-2: Strikes out swinging
Batting: RHB John Huff 0-0: Swinging Strike
0-1: Foul Ball, location: 2F
0-2: Ball
1-2: Strikes out swinging
Batting: RHB David Smith 0-0: Called Strike
0-1: Ball
1-1: 2-RUN HOME RUN (Flyball, 7LD), Distance : 361 ft
Pitching: RHP Michael Adams
Batting: RHB Scott Sullivan 0-0: Ball
1-0: Called Strike
1-1: Fly out, F2 (Popup, 2R)
Top of the 5th over - 8 run(s), 7 hit(s), 0 error(s), 0 left on base; Nortonville 15 - Elkford 1
BOTTOM OF THE 5TH
Elkford Roadrunners batting - Pitching for Nortonville Cherokees : RHP Juan López
Batting: RHB Aaron Barnes 0-0: Ball
1-0: Ground out 5-3 (Groundball, 56S)
Batting: RHB Chris Robinson 0-0: Ball
1-0: Ball
2-0: Called Strike
2-1: Called Strike
2-2: Strikes out looking
Batting: RHB Roberto Andrade 0-0: Ball
1-0: SINGLE (Flyball, 7LM)
Batting: RHB Jim Lee 0-0: Called Strike
0-1: Ball
1-1: Ball
2-1: Called Strike
2-2: Ball
Roberto Andrade steals 2nd base
3-2: Strikes out swinging
Bottom of the 5th over - 0 run(s), 1 hit(s), 0 error(s), 1 left on base; Nortonville 15 - Elkford 1
TOP OF THE 6TH
Nortonville Cherokees batting - Pitching for Elkford Roadrunners : RHP Michael Adams
Batting: RHB Armando González 0-0: Ball
1-0: Called Strike
1-1: Ground out 6-3 (Groundball, 6)
Batting: RHB Víctor López 0-0: Called Strike
0-1: Ball
1-1: Swinging Strike
1-2: Strikes out looking
Batting: RHB José Correa 0-0: Foul Ball, location: 2F
0-1: Ball
1-1: Ground out 6-3 (Groundball, 6MD)
Top of the 6th over - 0 run(s), 0 hit(s), 0 error(s), 0 left on base; Nortonville 15 - Elkford 1
BOTTOM OF THE 6TH
Elkford Roadrunners batting - Pitching for Nortonville Cherokees : RHP Juan López
Batting: RHB Michael Martin 0-0: Called Strike
0-1: Ball
1-1: Ball
2-1: Fly out, F6 (Line Drive, 6)
Batting: SHB Carlos Sánchez 0-0: Ball
1-0: SINGLE (Groundball, 3L)
Batting: RHB Don Thomas 0-0: Swinging Strike
0-1: Foul Ball, location: 2F
0-2: SINGLE (Groundball, 34D)
Carlos Sánchez to second
Runner from 2nd tries for 3rd, SAFE, throw made to third
Batting: SHB Sherwood Hoffman 0-0: Called Strike
0-1: Ball
1-1: Called Strike
1-2: Ball
2-2: SINGLE (Line Drive, 34)
Carlos Sánchez scores
Don Thomas to second
Runner from 2nd tries for 3rd, SAFE, throw made to third
Sherwood Hoffman to second
Batting: RHB Jack O'Brien 0-0: Ball
1-0: Swinging Strike
1-1: Reached on error, E4 (Groundball, 4)
Don Thomas scores
Sherwood Hoffman to third
Batting: RHB Aaron Barnes 0-0: Called Strike
0-1: Ball
1-1: Swinging Strike
1-2: Fly out, F2 (Popup, 2LF)
Batting: RHB Chris Robinson 0-0: Ball
1-0: Ball
2-0: Ball
3-0: Called Strike
3-1: Fly out, F8 (Flyball, 8LXD)
Bottom of the 6th over - 2 run(s), 3 hit(s), 1 error(s), 2 left on base; Nortonville 15 - Elkford 3
TOP OF THE 7TH
Nortonville Cherokees batting - Pitching for Elkford Roadrunners : RHP Michael Adams
Batting: RHB Bob MacGruder 0-0: Called Strike
0-1: Ball
1-1: Foul Ball, location: 2F
1-2: Ball
2-2: Foul Ball, location: 2F
2-2: SOLO HOME RUN (Flyball, 8LXD), Distance : 436 ft
Batting: RHB Lane Hancock 0-0: Ball
1-0: Ball
2-0: Foul Ball, location: 2F
2-1: Ball
3-1: Base on Balls
Batting: RHB Edén Mont 0-0: Foul Ball, location: 2F
0-1: Called Strike
0-2: Foul Ball, location: 2F
0-2: Foul Ball, location: 2F
0-2: Fly out, F7 (Flyball, 78M)
Pinch Hitting: SHB Chris Cordell 0-0: Ball
1-0: Foul Ball, location: 2F
1-1: Ball
2-1: Ball
3-1: Base on Balls
Lane Hancock to second
Batting: RHB David Smith 0-0: Ball
1-0: Swinging Strike
1-1: Fly out, F9 (Flyball, 9S)
Batting: RHB Scott Sullivan 0-0: Ball
1-0: Called Strike
1-1: Swinging Strike
1-2: SINGLE (Line Drive, 56D)
Lane Hancock to third
Chris Cordell to second
Batting: RHB Armando González 0-0: Fielders Choice at 2nd, U4 (Groundball, 4M)
Top of the 7th over - 1 run(s), 2 hit(s), 0 error(s), 3 left on base; Nortonville 16 - Elkford 3
BOTTOM OF THE 7TH
Elkford Roadrunners batting - Pitching for Nortonville Cherokees : RHP Juan López
Now at 3B: Ernest Lee
Batting: RHB Roberto Andrade 0-0: Foul Ball, location: 2F
0-1: Swinging Strike
0-2: Ball
1-2: Ball
2-2: Ball
3-2: Foul Ball, location: 2F
3-2: Foul Ball, location: 2F
3-2: SINGLE (Groundball, 6D)
Pitching: RHP Bill Gentry
Pinch Hitting: RHB Jim Unknown 0-0: DOUBLE (Flyball, 78XD)
Roberto Andrade to third
Batting: RHB Michael Martin 0-0: Ball
1-0: Swinging Strike
1-1: Foul Ball, location: 2F
1-2: Foul Ball, location: 2F
1-2: Fly out, F2 (Popup, 2R)
Batting: SHB Carlos Sánchez 0-0: Called Strike
0-1: SINGLE (Groundball, 34D)
Roberto Andrade scores
Jim Unknown to third
Runner from 3rd tries for Home, SAFE, throw made home
Carlos Sánchez to second
Batting: RHB Don Thomas 0-0: Ball
1-0: Ball
2-0: Ball
3-0: Called Strike
3-1: Swinging Strike
3-2: Strikes out swinging
Batting: SHB Sherwood Hoffman 0-0: Ball
1-0: Fly out, F3 (Line Drive, 34)
Bottom of the 7th over - 2 run(s), 3 hit(s), 0 error(s), 1 left on base; Nortonville 16 - Elkford 5
TOP OF THE 8TH
Nortonville Cherokees batting - Pitching for Elkford Roadrunners : RHP Michael Adams
Pitching: RHP Jorge Ángel
Now at 2B: Jim Unknown
Batting: RHB Víctor López 0-0: Ball
1-0: Swinging Strike
1-1: Foul Ball, location: 2F
1-2: SINGLE (Flyball, 4MD)
Batting: RHB José Correa 0-0: Called Strike
0-1: Swinging Strike
0-2: Foul Ball, location: 2F
0-2: Grounds into double play, 6-4-3 (Groundball, 6M)
Batting: RHB Bob MacGruder 0-0: Called Strike
0-1: Ball
1-1: Ball
2-1: Foul Ball, location: 2F
2-2: Foul Ball, location: 2F
2-2: Ball
3-2: Base on Balls
Batting: RHB Lane Hancock 0-0: Called Strike
0-1: Ball
1-1: SINGLE (Line Drive, 6)
Bob MacGruder to second
Batting: RHB Edén Mont 0-0: Ball
1-0: Ball
2-0: Called Strike
2-1: Swinging Strike
2-2: Ball
3-2: Fly out, F8 (Flyball, 8RM)
Top of the 8th over - 0 run(s), 2 hit(s), 0 error(s), 2 left on base; Nortonville 16 - Elkford 5
BOTTOM OF THE 8TH
Elkford Roadrunners batting - Pitching for Nortonville Cherokees : RHP Bill Gentry
Batting: RHB Jack O'Brien 0-0: Ball
1-0: Foul Ball, location: 2F
1-1: Fly out, F8 (Flyball, 8LM)
Batting: RHB Aaron Barnes 0-0: Ball
1-0: Swinging Strike
1-1: Swinging Strike
1-2: Ball
2-2: Ball
3-2: Foul Ball, location: 2F
3-2: Ground out 4-3 (Groundball, 4M)
Batting: RHB Chris Robinson 0-0: Foul Ball, location: 2F
0-1: Ball
1-1: Ball
2-1: Foul Ball, location: 2F
2-2: Strikes out swinging
Bottom of the 8th over - 0 run(s), 0 hit(s), 0 error(s), 0 left on base; Nortonville 16 - Elkford 5
TOP OF THE 9TH
Nortonville Cherokees batting - Pitching for Elkford Roadrunners : RHP Jorge Ángel
Batting: RHB Ernest Lee 0-0: Called Strike
0-1: Ball
1-1: Ball
2-1: Foul Ball, location: 2F
2-2: Ball
3-2: Ground out 1-3 (Groundball, 13)
Batting: RHB David Smith 0-0: Swinging Strike
0-1: Foul Ball, location: 2F
0-2: Foul Ball, location: 2F
0-2: Fly out, F9 (Flyball, 9S)
Batting: RHB Scott Sullivan 0-0: Fly out, F7 (Flyball, 7LM)
Top of the 9th over - 0 run(s), 0 hit(s), 0 error(s), 0 left on base; Nortonville 16 - Elkford 5
BOTTOM OF THE 9TH
Elkford Roadrunners batting - Pitching for Nortonville Cherokees : RHP Bill Gentry
Batting: RHB Roberto Andrade 0-0: Swinging Strike
0-1: Ball
1-1: Ground out 5-3 (Groundball, 5L)
Batting: RHB Jim Unknown 0-0: Called Strike
0-1: Called Strike
0-2: Foul Ball, location: 2F
0-2: Ball
1-2: Fly out, F8 (Flyball, 8RM)
Batting: RHB Michael Martin 0-0: Called Strike
0-1: Called Strike
0-2: Ball
1-2: Ball
2-2: Ball
3-2: Base on Balls
Batting: SHB Carlos Sánchez 0-0: Ball
1-0: Called Strike
1-1: SINGLE (Groundball, 6MD)
Michael Martin to second
Batting: RHB Don Thomas 0-0: Ball
1-0: Called Strike
1-1: Called Strike
1-2: Foul Ball, location: 2F
1-2: Ground out 6-3 (Groundball, 6)
Bottom of the 9th over - 0 run(s), 1 hit(s), 0 error(s), 2 left on base; Nortonville 16 - Elkford 5
This league is powered by Out of the Park Baseball, the baseball management simulation game for PC, Mac and Linux
Monday, May 4th, 2015 - OOTP Baseball 15.6 Build 34